 Dungeon Crawl Stone Soup version 0.29.1-1-gd02db6906a (webtiles) character file.

Game seed: 11764872556254937223

105 warriortoast the Conjurer (level 4, -1/24 HPs)
             Began as a Deep Elf Conjurer on Sept 22, 2022.
             Slain by an orc wizard
             ... wielding a +0 dagger
              (3 damage)
             ... on level 3 of the Dungeon.
             The game lasted 00:07:37 (3462 turns).

warriortoast the Conjurer (Deep Elf Conjurer)       Turns: 3462, Time: 00:07:38

Health: -1/24      AC:  6    Str:  4    XL:     4   Next: 54%
Magic:  12/12      EV: 12    Int: 25    God:
Gold:   202        SH:  0    Dex: 13    Spells: 5/12 levels left

rFire   . . .      SeeInvis .   d - +0 rapier
rCold   . . .      Faith    .   (no shield)
rNeg    . . .      Spirit   .   a - +0 robe
rPois   .          Reflect  .   u - +1 helmet
rElec   .          Harm     .   (no cloak)
rCorr   .          Rampage  .   (no gloves)
Will    .....                   (no boots)
Stlth   ++........              (no amulet)
HPRegen 0.08/turn               (no ring)
MPRegen 0.13/turn               (no ring)

@: attractive
A: iridescent scales 1, screaming 1, MP-powered wands
a: no special abilities


You were on level 3 of the Dungeon.
You visited 1 branch of the dungeon, and saw 4 of its levels.

You collected 202 gold pieces.

Inventory:

Hand Weapons
 d - a +0 rapier (weapon)
Armour
 a - a +0 robe (worn)
 u - a +1 helmet (worn)
Jewellery
 f - a ring of magical power
 o - a ring of poison resistance
 p - an amulet of faith
 s - a ring of resist corrosion
Wands
 t - a wand of roots (8)
Scrolls
 g - 3 scrolls of enchant weapon {unknown}
 h - 2 scrolls of teleportation {unknown}
 i - a scroll of poison {unknown}
 j - 5 scrolls of identify {unknown}
 k - a scroll of enchant armour {unknown}
 l - a scroll of butterflies {unknown}
 m - a scroll of silence {unknown}
 q - a scroll of magic mapping {unknown}
Potions
 b - a potion of magic
 c - a potion of degeneration {unknown}
 e - 2 potions of mutation
 n - a potion of attraction
 r - a potion of might {unknown}


   Skills:
 - Level 2.4 Dodging
 - Level 2.4 Stealth
 + Level 4.9 Spellcasting
 + Level 5.5 Conjurations
 + Level 0.5 Hexes
 + Level 0.3 Air Magic


You had 5 spell levels left.
You knew the following spells:

 Your Spells              Type           Power      Damage    Failure   Level
a - Magic Dart            Conj           100%       1d8       1%          1
b - Dazzling Flash        Conj/Hex       42%        N/A       7%          3
c - Swiftness             Air            8%         N/A       22%         3

Your spell library contained the following spells:

 Spells                   Type           Power      Damage    Failure   Level
 Searing Ray              Conj           68%        2d6       1%          2
 Foxfire                  Conj/Fire      80%        2x1d8     2%          1
 Conjure Flame            Conj/Fire      20%        6-21      8%          3
 Ensorcelled Hibernation  Hex/Ice        14%        N/A       11%         2
 Passwall                 Tmut/Erth      5%         N/A       13%         2
 Tukima's Dance           Hex            9%         N/A       21%         3
 Inner Flame              Hex/Fire       7%         N/A       22%         3
 Portal Projectile        Hex/Tloc       14%        N/A       22%         3
 Fulminant Prism          Conj/Hex       10%        3d9       24%         4
 Call Canine Familiar     Summ           6%         N/A       26%         3
 Flame Wave               Conj/Fire      20%        2d7       26%         4
 Iskenderun's Mystic Bla  Conj/Tloc      20%        2d6       26%         4
 Leda's Liquefaction      Hex/Erth       3%         N/A       58%         4
 Blade Hands              Tmut           3%         N/A       93%         5


Dungeon Overview and Level Annotations

Branches:
Dungeon (4/15)
 Temple: D:4-7

Altars:
Kikubaaqudgha

Shops:
D:1 *   D:3 :[


Innate Abilities, Weirdness & Mutations

You are partially covered in iridescent scales. (AC +2)
You occasionally shout uncontrollably at your foes.
You expend magic power (3 MP) to strengthen your wands.


Message History

The orc wizard gestures wildly while chanting.
The orc wizard flickers and vanishes!
Deactivating autopickup; reactivate with Ctrl-A.
The orc wizard mumbles some strange words.
The orc wizard flickers and vanishes!
Something tries to affect you, but you resist.
The orc wizard points at you and mumbles some strange words.
You are confused.
The orc wizard casts a spell at you. You resist with some effort.
You feel less confused. Something hits you.
The orc priest mumbles some strange prayers to Beogh against you.
Something barely misses you.
The orc wizard points at you and mumbles some strange words.
You resist with some effort.
The orc priest looks braver for a moment.
Something hits you. The orc wizard casts a spell at you.
You resist with some effort.
There is a stone staircase leading up here.
You hear some strange, mumbled words.
A magic dart appears from out of thin air!
The magic dart hits you.
* * * LOW HITPOINT WARNING * * *
You climb upwards.
Reactivating autopickup.
There is a stone staircase leading down here.
You start resting.
Something hits you.
* * * LOW HITPOINT WARNING * * *
Deactivating autopickup; reactivate with Ctrl-A.
It was a potion of mutation.
You feel extremely strange.
You feel the urge to shout.
Iridescent scales grow over part of your body.
You feel your magical essence link to the dungeon's wands.
Something hits you but does no damage.
It was a potion of attraction.
You feel attractive to monsters. Something hits you.
You die...

##.## #.#########.# #.# #.# #.#
#.# ##'## #####>## #.# ##...##
#....... #.####
##.....###.###.#. #####.##.##
##.......##.#.....
#........)####.........#.#.....
#............'.........'.......
#..##.#..[####@........#.#.....
#..##.#..## ##.......##.......
#..##.#..# ##.....#####.##..
#..##.#..# ##...## #.###.
#........# ##'## #.....
##.##.#.## #.# #####. #......#
##<## #. ####.#######
#...##########. #.......#
##.........)....


There were no monsters in sight!

Vanquished Creatures
  Robin (D:3)
  3 adders (D:2)
  2 worms (D:3)
  2 dart slugs (D:2)
  An orc (D:4)
  2 bats (D:1)
  5 endoplasms
  2 giant cockroaches
  13 goblins
  3 hobgoblins (D:3)
  2 quokkas
  5 ball pythons
  6 frilled lizards
  7 kobolds
  4 rats
58 creatures vanquished.

Notes
Turn   | Place    | Note
-------+----------+-------------------------------------------
     0 | D:1      | warriortoast the Deep Elf Conjurer began the quest for the
                  | Orb.
     0 | D:1      | Reached XP level 1. HP: 10/10 MP: 6/6
   188 | D:1      | Found Rotisus's Assorted Antiques.
   254 | D:1      | Noticed an eye of devastation
   283 | D:1      | Reached XP level 2. HP: 15/15 MP: 1/8
   490 | D:1      | Found a faded altar of an unknown god.
   503 | D:1      | Noticed a golden eye
   503 | D:1      | Noticed a shining eye
   503 | D:1      | Noticed an eye of devastation
  1192 | D:2      | Reached skill level 5 in Conjurations
  1192 | D:2      | Reached XP level 3. HP: 19/19 MP: 7/10
  2004 | D:3      | Reached XP level 4. HP: 24/24 MP: 10/12
  2091 | D:3      | Noticed Robin
  2299 | D:3      | Found Uqigila's Book Shoppe.
  2528 | D:3      | Found an ancient bone altar of Kikubaaqudgha.
  2610 | D:3      | Found Igegezop's Armour Boutique.
  2650 | D:3      | Learned a level 3 spell: Dazzling Flash
  2654 | D:3      | Learned a level 3 spell: Swiftness
  3065 | D:3      | Killed Robin
  3461 | D:3      | Gained mutation: You occasionally shout uncontrollably at
                  | your foes. [potion of mutation]
  3461 | D:3      | Gained mutation: You are partially covered in iridescent
                  | scales. (AC +2) [potion of mutation]
  3461 | D:3      | Gained mutation: You expend magic power (3 MP) to
                  | strengthen your wands. [potion of mutation]
  3462 | D:3      | Slain by an orc wizard

Illustrated notes

Levels and vault maps discovered:
D:1:      tarquinn_simple_flora_water_f, layout_basic,
          hellmonk_ecumenical_altar_watching_god, serial_shops,
          nicolae_diamond_shop
D:2:      layout_basic
D:3:      layout_loops_corners, mainiacjoe_overflow_small_starburst,
          serial_shops, nicolae_shop_advertising_works
          [nicolae_subvault_shop_adworks], nicolae_square_shop, uniq_robin
D:4:      nicolae_cairo_tiling_very_big, layout_gridville,
          mainiacjoe_overflow_chevrons

Skill      XL: |  1  2 |
---------------+-------+-----
Spellcasting   | 4 |  4.9
Conjurations   | 5 |  5.5
Dodging        | |  2.4
Stealth        | |  2.4
Hexes          | |  0.5
Air Magic      | |  0.3

Action                   |  1- 3 |  4- 6 || total
-------------------------+-------+-------++-------
 Cast: Magic Dart        |    66 |    47 ||   113
  Use: Potion            |       |     2 ||     2
Armor: Robe              |       |     2 ||     2
Dodge: Dodged            |     2 |     8 ||    10
